bimma, lawful female human Samurai --- ---.-- -....----- ........| -........| --------........-----#- ..................... .. ##............##- - ..--..............| ...- -.|...................-- ---- |......o........................- --..----........-- --- .........| |....|.......@.-- --- -- --...........G@| |.-...........-- ---.............- -............--... |........-------.- ----<.---- ---- bimma the Ronin Experience level: 4 Strength: 14 Dexterity: 15 Constitution: 18 Intelligence: 11 Wisdom: 8 Charisma: 8 Health: 0(42) Energy: 6(6) Def: 6 Gold: 264 Moves: 699 Dungeon seed: p4hQiakObOYq9O4l Game ID: bimma_1582940146 Your Inventory: Coins $ - 264 gold pieces Amulets n - an uncursed amulet versus poison Weapons a - a blessed +0 katana (weapon in hand) b - an uncursed +0 wakizashi c - an uncursed +0 yumi (alternate weapon; not wielded) d - 26 uncursed +0 ya (in quiver) t - 13 uncursed +0 arrows Armor e - an uncursed rustproof +0 splint mail (being worn) y - an uncursed +0 elven mithril-coat N - an uncursed +0 dwarvish cloak Y - a cursed -1 pair of levitation boots Comestibles m - 2 uncursed tripe rations o - an uncursed tin of spinach Scrolls g - 2 uncursed scrolls of identify i - an uncursed scroll of enchant armor k - an uncursed scroll of identify l - an uncursed scroll of identify Potions j - an uncursed potion of sake Rings w - an uncursed ring of levitation Wands p - an uncursed wand of sleep (0:3) u - an uncursed wand of speed monster (0:4) Tools f - an uncursed oil lamp (0:1319) s - an uncursed oil lamp (0:1106) v - 4 uncursed tallow candles (0:200) Gems q - an uncursed worthless piece of red glass r - 2 uncursed worthless pieces of orange glass z - 2 uncursed worthless pieces of yellowish brown glass Spells and supernatural/magical abilities: Name Level Category Cost Memory W - pray for help -- divine ? -- Your skills at the end: Fighting Skills martial arts [Basic] wands [Basic] Weapon Skills short sword [Basic] long sword [Basic] bow [Basic] Spellcasting Skills Final Attributes: You were piously aligned. You were fast. Amaterasu Omikami was noncommittal. You are dead. Vanquished creatures: a gnome lord a dwarf 4 hill orcs 10 gnomes 2 grid bugs a lichen 2 newts 21 creatures vanquished. Voluntary challenges: You were vegetarian. You were an atheist. You used a wielded weapon 22 times, starting on turn 37. You read items or engraved 1 time, starting on turn 10. You never genocided any monsters. You never polymorphed an object. You never changed form. You used no wishes. You never split a pudding. You never wrote Elbereth's name. You never violated your personal moral code. Dungeon overview: The Dungeons of Doom: levels 1 to 3 Level 1 a fountain, a vault a long staircase Level 2 a scroll shop Level 3 stairs to The Gnomish Mines The Gnomish Mines: levels 4 to 5 Level 4 stairs to The Dungeons of Doom Level 5 <- You were here History has recorded: On T:1 you entered the Dungeons of Doom to retrieve the Amulet of Yendor! On T:211 you reached level 2 of The Dungeons of Doom. On T:448 you reached level 3 of The Dungeons of Doom. On T:584 you reached level 1 of The Gnomish Mines. On T:591 you advanced to experience level 2. On T:609 you advanced to experience level 3. On T:659 you advanced to experience level 4. On T:669 you reached level 2 of The Gnomish Mines. Score breakdown: Gold: 264 ( 8243 points) Experience: 4 levels ( 9649 points) Exploration: 5 levels ( 10.20%) ( 8660 points) Discoveries: 4 items ( 1.60%) ( 3794 points) Valuables value: (no points given unless you survive) Artifact value: 0 ( 0 points) Variety of kills: 7 monsters ( 1.84%) ( 4071 points) Turncount: 699 turns ( 0 points) Survival: died (score multiplied by 80%) Total score: 27533 Latest messages: The sleep ray whizzes by psss! The sleep ray hits the hill orc! You hit the hill orc! The hill orc hits! You kill the hill orc! Psss zaps a zinc wand! Nothing happens. There are a few objects here. You miss psss. Psss wields a scimitar! Psss swings her scimitar at you. Psss hits! You miss psss. Psss wields a scimitar! Psss swings her scimitar at you. Psss hits! The golden haze around psss becomes less dense. You miss psss. Psss swings her scimitar at you. Psss hits! You miss psss. The gnome lord misses. Psss wields a scimitar! (2x) Psss swings her scimitar at you. Psss hits! You die... Final status: Sayonara bimma the Samurai, killed by a priestess called "psss"... You died in The Gnomish Mines on dungeon level 5 with 27533 points, and 264 pieces of gold, after 699 moves. You were level 4 with a maximum of 42 hit points when you died.